 Dungeon Crawl Stone Soup version 0.27-a0-1595-g0b823d0a13 (webtiles) character file.

Game seed: 5521908475815657770

1 lunkers the Sneak (level 1, -2/17 HPs)
             Began as a Vampire Delver on July 20, 2021.
             Killed from afar by an orc wizard (6 damage)
             ... with a puff of flame
             ... on level 4 of the Dungeon.
             The game lasted 00:00:37 (97 turns).

lunkers the Sneak (Vampire Delver)                    Turns: 97, Time: 00:00:38

Health: -2/17      AC:  3    Str: 11    XL:     1   Next: 16%
Magic:  1/1        EV: 12    Int: 12    God:
Gold:   20         SH:  0    Dex: 15    Spells: 0/0 levels left

rFire    . . .     SeeInvis +   a - +0 short sword
rCold    . . .     Faith    .   (no shield)
rNeg     . . .     Spirit   .   b - +0 leather armour
rPois    .         Reflect  .   (no helmet)
rElec    .         Harm     .   (no cloak)
rCorr    .         Rampage  .   (no gloves)
Will     .....                  (no boots)
Stlth    +.........             h - amulet of magic regeneration
HPRegen  0.25/turn              (no ring)
MPRegen  0.32/turn              (no ring)

@: confused, healing quickly
A: alive, fangs 3, see invisible, vampiric 1
a: Exsanguinate


You were on level 4 of the Dungeon.
You visited 1 branch of the dungeon, and saw 2 of its levels.

You collected 20 gold pieces.

Inventory:

Hand Weapons
 a - a +0 short sword (weapon)
Armour
 b - a +0 leather armour (worn)
Jewellery
 h - an amulet of magic regeneration (around neck)
Wands
 g - a wand of digging (3)
 i - a wand of paralysis (4)
Scrolls
 c - a scroll of fog
 d - a scroll of magic mapping
 e - a scroll of fear
Potions
 f - a potion of haste


   Skills:
 - Level 2.6 Fighting
 * Level 2.3 Short Blades
 - Level 2.1 Dodging
 + Level 7.2 Stealth


You couldn't memorise any spells.
You didn't know any spells.
Your spell library was empty.

Dungeon Overview and Level Annotations

Branches:
Dungeon (5/15)
 Temple: D:4-7

Altars:


Innate Abilities, Weirdness & Mutations

Your natural rate of healing is accelerated.
You have razor-sharp teeth.
You have supernaturally acute eyesight. (SInv)
You are afflicted with vampirism.


Message History

You are confused.
Things that are here:
8 gold pieces; a wand of paralysis (4)
i - a wand of paralysis (4)
You now have 20 gold pieces (gained 8).
The orc wizard mumbles some strange words.
The orc wizard flickers and vanishes for a moment.
You miss the sky beast.
The sky beast flickers out of sight for a moment.
The sky beast misses you.
The sky beast flickers out of sight for a moment.
You hit the sky beast.
The sky beast is lightly wounded.
The sky beast closely misses you.
An orc wizard comes into view. It is wielding a +0 dagger.
You bump into the rock wall.
You feel less confused.
The orc wizard shouts!
You hear a shout!
The orc wizard barely misses you.
The sky beast hits you but does no damage.
The orc wizard points at you and mumbles some strange words.
You are confused.
The sky beast hits you but does no damage.
The orc wizard hits you with a +0 dagger.
The orc wizard gestures at you while chanting.
You resist with significant effort.
You hit the sky beast but do no damage.
The sky beast is lightly wounded.
The sky beast hits you.
* * * LOW HITPOINT WARNING * * *
The sky beast shocks you.
* * * LOW HITPOINT WARNING * * *
The orc wizard hits you with a +0 dagger.
* * * LOW HITPOINT WARNING * * *
Unknown command.
The sky beast closely misses you.
Unknown command.
The orc wizard points at you and mumbles some strange words.
The puff of flame hits you.
You die...

####### ##
#.....# ..
#.....####.####
###.............#
#...@.o..o.###..
#.#...Y.#..#
#.###.###..###
##.###.##......
........>..[.###
###...#......#
###.####.### #.
#.# .# .


You could see a sky beast (invisible) and 2 orc wizards.

Vanquished Creatures
  A quokka (D:5)
1 creature vanquished.

Notes
Turn   | Place    | Note
-------+----------+-------------------------------------------
     0 | D:5      | lunkers the Vampire Delver began the quest for the Orb.
     0 | D:5      | Reached XP level 1. HP: 17/17 MP: 1/1
    66 | D:4      | Noticed a sky beast
    81 | D:4      | Noticed an orc wizard
    90 | D:4      | Noticed an orc wizard
    97 | D:4      | Killed from afar by an orc wizard

Illustrated notes

Levels and vault maps discovered:
D:4:      layout_loops_ring, uniq_edmund
D:5:      layout_rooms, temple_green

Action                   || total
-------------------------++-------
Melee: Short sword       ||     7
Armor: Leather armour    ||     2
Dodge: Dodged            ||     4

Table legend: (Time is in decaauts)
 A = Elapsed time spent in this place.
 B = Non-inter-level travel time spent in this place.
 C = Inter-level travel time spent in this place.
 D = Time resting spent in this place.
 E = Time spent auto-exploring this place.
 F = Levels seen in this place.
 G = Mean time per level.
                   A        B        C        D        E       F      G
               +--------+--------+--------+--------+--------+-----+--------+
         Total |     96 |     96 |      0 |     20 |     12 |   2 |   48.0 |
       Dungeon |     96 |     96 |      0 |     20 |     12 |   2 |   48.0 |
               +--------+--------+--------+--------+--------+-----+--------+

Top non-repeatable levels by time:
     D:5: 62 daAuts
     D:4: 34 daAuts
